Cogmind - Beta 16 @@@ ROGUE MODE // 2025.11.18 @ 10:38:57 Player: Infomantis Result: Destroyed by NP-ZMG(R) with Subdweller Laser Performance ------------- Evolutions (0) 0 Regions Visited (2) 400 Robots Destroyed (21) 105 Value Destroyed (530) 530 Prototype IDs (0) 0 Alien Tech Used (0) 0 Bonus (-18) -18 TOTAL SCORE: 1017 Bonus ------- Friendly Fire -18 Cogmind --------- Core Integrity 0/250 Matter 223/300 Energy 123/125 System Corruption 2% Temperature Cool (6) Movement Treading (160) Location -10/Subcaves Parts ------- > --- POWER (1) -------- Light Ion Engine > --- PROPULSION (2) --- Light Treads Light Treads > --- UTILITY (2) ------ Scrap Shield > --- WEAPON (2) ------- Subdweller Machine Gun Barrage Gun > --- INVENTORY (5) ---- Subdweller Beam Cannon Shotgun Shotgun Peak State ------------ > --- POWER ------------ Light Ion Engine > --- PROPULSION ------- Light Treads Light Treads > --- UTILITY ---------- Scrap Shield > --- WEAPON ----------- Subdweller Machine Gun Barrage Gun > --- INVENTORY -------- Subdweller Beam Cannon Shotgun Shotgun [Rating: 12] Favorites ----------- Power Ion Engine Engine Ion Engine Propulsion Light Treads Treads Light Treads Utility Seismic Detector Device Seismic Detector Storage Medium Storage Unit Protection Scrap Shield Weapon Subdweller Machine Gun Energy Gun Subdweller Laser Ballistic Gun Subdweller Machine Gun Impact Weapon Mace Build | -11 -10 -10 ------- Run | Yrd Mat Sub Slots Evolved . | . . . Power . | . . . Propulsion . | . . . Utility . | . . . Weapon . | . . . Parts Attached 21 | 7 3 11 Power 4 | 1 1 2 Engine 4 | 1 1 2 Core . | . . . Reactor . | . . . Propulsion 4 | 2 . 2 Treads 4 | 2 . 2 Leg . | . . . Wheel . | . . . Hover . | . . . Flight . | . . . Utility 4 | 2 1 1 Device 1 | 1 . . Storage 2 | 1 1 . Processor . | . . . Hackware . | . . . Protection 1 | . . 1 Artifact . | . . . Weapon 9 | 2 1 6 Energy Gun 1 | . . 1 Energy Cannon . | . . . Ballistic Gun 7 | 2 1 4 Ballistic Cannon . | . . . Launcher . | . . . Special Weapon . | . . . Impact Weapon 1 | . . 1 Slashing Weapon . | . . . Piercing Weapon . | . . . Special Melee Weapon . | . . . Unidentified Prototypes . | . . . Parts Lost 3 | . . 3 Power 1 | . . 1 Propulsion 2 | . . 2 Utility . | . . . Weapon . | . . . Highest Loss Streak 1 | . . 1 To Critical Strikes . | . . . Average Backups 9 | 4 8 9 Power . | . 1 . Propulsion 2 | . 1 2 Utility 2 | . 2 2 Weapon 3 | 1 3 3 Tool/Special . | . . . Unused Backups 14 | 1 6 7 Power . | . . . Propulsion 3 | . 2 1 Utility 4 | . 1 3 Weapon 6 | 1 2 3 Tool/Special 1 | . 1 . Average Slot Usage (%) 99 | . 100 99 Engine 14 | . 14 14 Treads 27 | . 28 27 Device 13 | . 14 13 Storage 13 | . 14 13 Energy Gun 7 | . . 8 Ballistic Gun 19 | . 28 18 Peak Build Rating 12 | 7 9 12 Average Rating 9 | 6 8 10 On Entrance 5 | . 7 9 Avg Prop Armor Cover (%) . | . . . Naked Turns . | . . . Heaviest Build 28 | 12 21 28 Greatest Support 40 | 40 40 40 Greatest Overweight (x) 1 | . . 1 Average Overweight (x) . | . . . Largest Inventory Capacity 10 | 8 10 10 Average Capacity 9 | 7 9 9 Most Carried 10 | 7 10 10 Average Carried 9 | 4 8 9 Final Capacity 10 | 8 10 5 Final Carried 10 | 7 10 3 Class Distribution -------------------- 85% | Mutant 14% | Scavenger-Mutant Dominant Class ---------------- Mutant | -10/Materials Mutant | -10/Subcaves Resources | -11 -10 -10 ----------- Run | Yrd Mat Sub Matter Collected 1092 | 338 188 566 Remotely . | . . . Salvage Created 718 | 166 188 364 Parts 48 | 16 15 17 Haulers Intercepted 1 | . 1 . Recyclers Shooed . | . . . Parts Field Recycled . | . . . Retrieved Matter . | . . . Parts Self-Destructed 16 | . . 16 Prevented . | . . . Parts Restored . | . . . Kills | -11 -10 -10 ------- Run | Yrd Mat Sub Combat Hostiles Destroyed 12 | . 2 10 Guns 12 | . 2 10 Classes Destroyed 8 | 2 4 2 Worker 1 | . 1 . Builder 1 | . 1 . Tunneler 5 | 5 . . Hauler 1 | . 1 . Recycler 1 | 1 . . Grunt 2 | . 2 . Artisan 1 | . . 1 Subdweller 10 | . . 10 Best Kill Streak 5 | 4 5 2 Combat Bots Only 2 | . 2 2 Max Kills in Single Turn 2 | 1 2 1 Gunslinging . | . . . Exploded . | . . . Melee . | . . . Uniques/NPCs Destroyed . | . . . Combat | -11 -10 -10 -------- Run | Yrd Mat Sub Hostile Shots Fired 88 | . 11 77 Missed 33 | . 2 31 Hits 55 | . 9 46 Projectile 55 | . 9 46 Critical Strikes 1 | . . 1 Damage Taken 1040 | . 110 930 Core 252 | . . 252 Absorbed by Shields . | . . . Core Remaining (%) 100 | 100 . . Volleys Fired 83 | 17 15 51 Largest 2 | 2 2 2 Hottest 90 | 40 43 90 Shots Fired 160 | 34 30 96 Gun 160 | 34 30 96 Cannon . | . . . Launcher . | . . . Special . | . . . Kinetic 135 | 34 30 71 Thermal 25 | . . 25 Explosive . | . . . Electromagnetic . | . . . Robot Hit Streak 12 | 9 10 12 Robot Miss Streak 4 | 2 4 2 Penetration Max . | . . . Secondary Targets . | . . . Shots Hit Robots 131 | 26 25 80 Core Hits 45 | 8 10 27 Critical Kills 1 | . . 1 Critical Parts Destroyed 1 | . . 1 Critical Strikes 2 | . . 2 Destroy 2 | . . 2 Melee Attacks 15 | . . 15 Impact 15 | . . 15 Slashing . | . . . Piercing . | . . . Sneak Attacks . | . . . Combat Hostiles . | . . . Follow-up Attacks . | . . . Damage Inflicted 2127 | 274 352 1501 Guns 2127 | 274 352 1501 Cannons . | . . . Explosions . | . . . Melee . | . . . Ramming . | . . . Kinetic 1676 | 274 352 1050 Thermal 451 | . . 451 Explosive . | . . . Electromagnetic . | . . . Impact . | . . . Slashing . | . . . Piercing . | . . . Highest Corruption 2 | . 2 2 Average Corruption 2 | . 2 2 Corruption Purged . | . . . Corruption Blocked . | . . . Effects 37 | . 3 34 Message Errors 7 | . . 7 Matter Fused 10 | . . 10 Heat Flow Errors 7 | . 1 6 Energy Discharges 5 | . . 5 Data Loss (minor) 5 | . 2 3 Data Loss (major) 2 | . . 2 Alerts 1 | . . 1 Overload Shots . | . . . Overflow Damage . | . . . Projectiles . | . . . Explosions . | . . . Melee . | . . . Knockbacks . | . . . Impact . | . . . Kinetic . | . . . Secondary . | . . . Self-Inflicted Damage . | . . . Shots . | . . . Rammed 1 | . 1 . Targets Rammed 1 | . 1 . Kicked . | . . . Crushed . | . . . Highest Temperature 249 | . 155 249 Average Temperature 90 | . 76 98 Received Heat Transfer 225 | . 63 162 Siege Activations . | . . . Martial Activations . | . . . Shielding Activations . | . . . Robots Disrupted . | . . . Combat Hostiles . | . . . Robots Corrupted . | . . . Combat Hostiles . | . . . Parts Fried . | . . . Impact Corruptions . | . . . Robots Melted . | . . . Combat Hostiles . | . . . Parts Melted . | . . . Heat Transferred 550 | . . 550 Parts Sabotaged . | . . . Parts Stolen . | . . . Parts Stripped . | . . . Power Chain Reactions . | . . . Alert | -11 -10 -10 ------- Run | Yrd Mat Sub Maximum Alert Level . | . . . Low Security (%) 100 | 100 100 . Level 1 . | . . . Level 2 . | . . . Level 3 . | . . . Level 4 . | . . . Level 5 . | . . . High Security . | . . . Max Security . | . . . Peak Influence 47 | 20 47 . Initial . | . . . Average 7 | 2 12 . Influence Increases 102 | 30 72 . Destroy 0b10 Robot/C 40 | . 40 . Destroy 0b10 Robot/NC 45 | 30 15 . Destroy Leader 12 | . 12 . Successful Hack 5 | . 5 . Influence Decreases 102 | 30 60 12 Entered New Map 7 | . . 7 Time Decay 95 | 30 60 5 Squads Dispatched . | . . . Investigation . | . . . Extermination . | . . . Reinforcement . | . . . Assault . | . . . Garrison . | . . . Intercept . | . . . Searches Triggered . | . . . Construction Impeded . | . . . Haulers Reinforced . | . . . Active Scanning Responses . | . . . Cargo Convoy Interrupts . | . . . Stealth | -11 -10 -10 --------- Run | Yrd Mat Sub Distress Signals . | . . . Communications Jammed . | . . . Distress Signals . | . . . Times Spotted 16 | . 4 12 Peak Tracking Total 2 | . 2 2 Tactical Retreats . | . . . Traps | -11 -10 -10 ------- Run | Yrd Mat Sub Traps Triggered 1 | . 1 . Indirectly . | . . . Trap Hack Attempts . | . . . Triggered . | . . . Disarmed . | . . . Reprogrammed . | . . . Reused . | . . . Traps Extracted . | . . . Installed . | . . . Triggered . | . . . Machines | -11 -10 -10 ---------- Run | Yrd Mat Sub Machines Disabled . | . . . Max in Single Turn . | . . . Machines Repaired . | . . . Machines Dismantled . | . . . Machines Sabotaged . | . . . Overloaded Fab Kills . | . . . Hacking | -11 -10 -10 --------- Run | Yrd Mat Sub Machines Accessed 3 | . 1 2 Terminals 1 | . 1 . Fabricators . | . . . Repair Stations . | . . . Recycling Units . | . . . Scanalyzers . | . . . Garrison Access . | . . . Total Hacks 6 | . 1 5 Successful 6 | . 1 5 Failed . | . . . Catastrophic . | . . . Database Lockouts . | . . . Manual . | . . . Terminals 1 | . 1 . Fabricators . | . . . Repair Stations . | . . . Recycling Units . | . . . Scanalyzers . | . . . Garrison Access . | . . . Terminal Hacks 6 | . 1 5 Record 4 | . . 4 Open Door 1 | . . 1 Zone Layout 1 | . 1 . Fabricator Hacks . | . . . Repair Station Hacks . | . . . Recycling Unit Hacks . | . . . Scanalyzer . | . . . Garrison Access Hacks . | . . . Unauthorized Hacks . | . . . Terminals . | . . . Fabricators . | . . . Repair Stations . | . . . Recycling Units . | . . . Scanalyzers . | . . . Garrison Access . | . . . Data Cores Recovered . | . . . Used . | . . . Hacking Detections . | . . . Full Trace Events . | . . . Feedback Events . | . . . Feedback Blocked . | . . . Robot Schematics Acquired . | . . . Robots Built . | . . . Authchips . | . . . Time . | . . . Total Robot Build Rating . | . . . Part Schematics Acquired . | . . . Parts Built . | . . . Authchips . | . . . Time . | . . . Total Part Build Rating . | . . . Part Studies Acquired . | . . . Parts Repaired . | . . . Time . | . . . Parts Recycled . | . . . Recycled Matter . | . . . Retrieved Matter . | . . . Retrieved Components . | . . . Parts Scanalyzed . | . . . Part Schematics Acquired . | . . . Parts Damaged . | . . . Bothacking | -11 -10 -10 ------------ Run | Yrd Mat Sub Used RIF Installer . | . . . Robots Hacked . | . . . Non-combat . | . . . Combat . | . . . Robot Hacks Applied . | . . . Relay Couplers Released . | . . . Fabnet Peak Effective % . | . . . Robots Rewired . | . . . Allies Hacked . | . . . Hacks Repelled . | . . . Allies | -11 -10 -10 -------- Run | Yrd Mat Sub Total Allies . | . . . Largest Group . | . . . Highest-Rated Group . | . . . Highest-Rated Ally . | . . . Total Orders . | . . . Ally Attacks . | . . . Total Damage . | . . . Kills . | . . . Allies Corrupted . | . . . Allies Melted . | . . . Intel | -11 -10 -10 ------- Run | Yrd Mat Sub Active Infowar (turns) 2825 | 159 295 2371 Seismic 2825 | 159 295 2371 Robot Analysis Total . | . . . Derelict Logs Recovered 1 | . . 1 Drone Launches . | . . . Drone Recoveries . | . . . Exploration | -11 -10 -10 ------------- Run | Yrd Mat Sub Turns Passed 2933 | 254 295 2384 Spaces Moved 1577 | 118 132 1327 Core 5 | 5 . . Treads 1572 | 113 132 1327 Legs . | . . . Wheels . | . . . Hover . | . . . Flight . | . . . Fastest Speed 50 | 50 160 160 Average Speed 159 | 155 160 160 Slowest Speed 240 | 160 160 240 Overloaded Moves . | . . . Propulsion Burnouts . | . . . Robots Hopped . | . . . Potential Cave-ins . | . . . Cave-ins Triggered . | . . . Exploration Rate (%) 29 | 7 19 62 Regions Visited 2 Branch Regions 1 Pre-discovered Areas 3 | . . 3 Known Exits Taken . | . . . Unknown Exits Taken 2 | 1 1 . Scrap Searched . | . . . Spaces Dug 4 | . . 4 Terrain Destroyed 4 | . . 4 Melee 4 | . . 4 Projectile . | . . . AOE . | . . . Terrain Rammed . | . . . Walls Destroyed . | . . . Machines Disabled . | . . . Actions | -11 -10 -10 --------- Run | Yrd Mat Sub Total 1809 | 155 190 1464 Wait 57 | 5 22 30 Move 1575 | 117 131 1327 Hop . | . . . Pick Up 25 | 8 9 8 Fast Attach 8 | 7 . 1 Attach 5 | . . 5 Detach . | . . . Swap 20 | . 3 17 Drop 20 | 1 9 10 Fire 83 | 17 15 51 Melee 15 | . . 15 Ram . | . . . Kick . | . . . Crush 1 | . 1 . Escape Stasis . | . . . Rewire . | . . . Trap . | . . . Miscellaneous . | . . . Route ------- -11/Scrapyard -10/Materials -10/Subcaves (discovered 2 exits: [*Mat x2]) History --------- Turn | Location | Event 2 | -11/Scrapyard | Met Revision 17 7 | -11/Scrapyard | Discovered new exit (range 15) 255 | -11/Scrapyard | Entered Materials 327 | -10/Materials | Build established: Mutant 519 | -10/Materials | Discovered new exit (range 9) 550 | -10/Materials | Entered Subcaves 551 | -10/Subcaves | Approached by a straggling Scientist 632 | -10/Subcaves | Shifting Twisted Machinery released Sub. Machine Gun 833 | -10/Subcaves | Ambushed by Subdweller buried in earth 1081 | -10/Subcaves | Shifting Twisted Machinery released Barrage Gun 1209 | -10/Subcaves | Learned location of Zion (-7) 1209 | -10/Subcaves | Met a Zionite searching for "candidates" 1240 | -10/Subcaves | Discovered new exit (range 10) 1301 | -10/Subcaves | Visited Clippyterm 1306 | -10/Subcaves | Learned location of Section 7 (-2) 1306 | -10/Subcaves | Learned 40 Factory zone layouts 1676 | -10/Subcaves | A swath of the cavern ceiling suddenly collapsed 2127 | -10/Subcaves | Discovered new exit (range 5) 2279 | -10/Subcaves | Core integrity fell below 50% 2315 | -10/Subcaves | Build established: Scavenger-Mutant 2431 | -10/Subcaves | Core integrity fell below 20% 2614 | -10/Subcaves | A swath of the cavern ceiling suddenly collapsed 2697 | -10/Subcaves | Shifting Twisted Machinery released Mak. Light Armor Plating 2718 | -10/Subcaves | Build established: Mutant 2934 | -10/Subcaves | Destroyed by NP-ZMG(R) with Subdweller Laser Last Messages --------------- A swath of the cavern ceiling suddenly collapses. 02628_ 6S-OM3(u) cries out in pain. 02628_ 6S-OM3(u) destroyed. 02631_ Acquired 25 matter. 02657_ Dropped Sub. Power Source. 02658_ Acquired Scrap Shield. 02678_ Dropped Sub. Laser. 02678_ Acquired Sub. Beam Cannon. Mak. Light Armor Plating falls loose from the Twisted Machinery. 02734_ System corrupted: Matter fused (-8). 02765_ System corrupted: Component data lost. 02778_ TL-ML8(R): "ECOKILL!" 02787_ TL-ML8(R) suffers critical hit (Destroy). 02787_ TL-ML8(R) destroyed. 02790_ Acquired 38 matter. 02895_ Acquired 6 matter. 02897_ Dropped Scrap Shield. 02898_ Acquired Scrap Shield. 02921_ Dropped Med. Storage Unit. 02921_ Dropped Seismic Detector. Map ----- +----------------------------------------------------+ | ##??## ##???????????????????????## #??? | | #???#####??????????????????????### #??? | | ##???# #???????????????????????## #??? | | ##### #####???????????????????# #??? | | ## #???????????????????# ##??? | | # ## #??????????????####### ##???? | | ?## ### #???###????????# ### "####????? | | #### ### ##?## #######???# ### ""#???????? | | ## #?# ### #"" ##???# #?# ""#???????? | | ## ##### #"""### #????# ### ""##???????? | | #### # # "#""##""#####???## ""##????????? | | ### "#"#""#"###????### =&["""##????????? | | ### ##"#""###????## & &""""#????????? | | # # ## # ####"""##"##???# &&####" #???????? | | ##### ####""""#"###???# #???"""???????? | | #??## ""##""#"#"# #???##" ##?????????????? | | ## #### "#"##"###""######### ##??????????????? | | # ## ###"#####"### # #???????????????? | | #######???#### # #???????????????? | | ##???????????? """"" #???????????????? | | #??????????????"## " "# #??????????????? | | ##????????????????##"!"# ##??????????????? | | #??????????????????#"!!# ##?????????????? | | ##????????????#######!" #?????????????? | | # ##??????????#;;# #" #!=" ""#?????????????? | | ### ##?????### ;;; R @"/"""""" #?????????????? | | ## ##???### ;;; """"""" """#?????????????? | | ## #??## ;# # ###%# ####?????????????? | | ## ^ #?## % !######?# ####????????????????? | | # ### #?????? ???????????????????? | | # ## #???###? ??????????????????? | | # ## ##### #####??????????????????? | | ### ## ### #?????????????????????? | | ?## ######?# ##????????????????????? | | ## ##????## #????????????????"???? | | # ###### #????????#######""???? | | ## #????????# #"""""##??? | | #?# ## #####?##### """" #??? | | #### ## ## ### % """ ##??? | | ## ## ##### "" " "#"####???? | | ### ##???# " ###??????? | | #?# ###????# ##### ""#???????? | | #### ### ^ ####??????##&%####### #???????? | | #?### ##?## ##????????### !! "##"" #####??? | | ##???## ##??#####?????????# % ""### %#" #??? | | ??????# ##???????????????## ! """## ""##?? | | #?????# #????????????????### """## "" "" #?? | | #?????# #?????????????????## ####### ##?? | | #?????# &%!???????????###### ##?????### #?? | | #?????# & ?????????# #????### ##?? | +----------------------------------------------------+ Best States ------------- Heat Dissipation 25 Energy Generation 10 Energy Capacity 250 Matter Stores 300 Matter Capacity 300 Sight Range 16 Terrain Scan Density 10 Armor Coverage 800 Evasion (%) 40 Recoil Reduction 2 Item Schematics ----------------- None Robot Schematics ------------------ None Fabricated ------------ Nothing Repaired ---------- Nothing Studied --------- None Alien Tech Used ----------------- None Achievements -------------- None Challenges ------------ None Game ------ Seed ImprinterTeleporterDeflector Manual? 0 Play Time 00:19:50 Cumulative 605.7 hours Start 2025.11.15 @ 20:33:37 End 2025.11.18 @ 10:38:57 Sessions 2 Manual Loads 0 Difficulty Rogue Special Mode None Game No. 340 Rogue 315 Adventurer 7 Explorer 18 Win Type - Total 50 Types 31/1/8/2/1/1/1/3/0/2 Lore% 95 Gallery% 89 Achievement% 60 Wizard Run 0 Options --------- Layout 0 ASCII 0 Keyboard 0 Movement Numpad Keybinds 0 Fullscreen 1 Font 12/Smallcaps Map View 83x54 Zoom Use 0% Tactical HUD 1 Map Filters NONE Filters NONE Steam 1 RUN: 28e4b383-8441-4992-8197-e483136d7d78